TOP OF THE 1ST |
Washington Nationals batting - Pitching for Atlanta Braves : RHP Kevin Ovens-Toots
|
Pitching: RHP Kevin Ovens-Toots
|
|
Batting: RHB Luis Torres
|
0-0: Foul Ball, location: 2F 0-1: Ball 1-1: Foul Ball, location: 2F 1-2: SOLO HOME RUN (Line Drive, 9D, EV 100.0 MPH), Distance : 372 ft
|
Batting: SHB Junzo Kato
|
0-0: Ball 1-0: SINGLE (Groundball, 56S, EV 71.9 MPH) (infield hit)
|
Batting: LHB Armando Carbajal
|
0-0: Ball 1-0: Fielders Choice at 2nd, 4-6 (Groundball, 34D, EV 84.4 MPH)
|
Batting: LHB Seth Cook
|
0-0: Called Strike 0-1: SINGLE (Groundball, 4, EV 96.2 MPH) Armando Carbajal to second
|
Batting: RHB C.J. Beavers
|
0-0: Foul Ball, location: 2F 0-1: Ball 1-1: Swinging Strike 1-2: Ball 2-2: Ball 3-2: Fielders Choice at 2nd, 1-4 (Groundball, 25, EV 61.9 MPH) Armando Carbajal to third
|
Batting: LHB Sidney Pedder
|
0-0: Ball 1-0: Ball 2-0: Foul Ball, location: 2F 2-1: Ball 3-1: Base on Balls C.J. Beavers to second
|
Batting: RHB Nick Esteves
|
0-0: Called Strike 0-1: Called Strike 0-2: Ball 1-2: Ground out U3 (Groundball, 13, EV 90.0 MPH)
|
Top of the 1st over - 1 run, 3 hits, 0 errors, 3 left on base; Washington 1 - Atlanta 0 |
BOTTOM OF THE 1ST |
Atlanta Braves batting - Pitching for Washington Nationals : RHP Manuel Romero
|
Pitching: RHP Manuel Romero
|
|
Batting: RHB Liangde Li
|
0-0: Called Strike 0-1: Foul Ball, location: 2F 0-2: Strikes out swinging
|
Batting: RHB Jordan Martin
|
0-0: Ball 1-0: SINGLE (Line Drive, 89M, EV 87.5 MPH)
|
Batting: RHB Jeckel Hester
|
0-0: Ball Jordan Martin is caught stealing 2nd base 2-4 1-0: Foul Ball, location: 2F 1-1: Ball 2-1: Swinging Strike 2-2: Foul Ball, location: 2F 2-2: Strikes out swinging
|
Bottom of the 1st over - 0 runs, 1 hit, 0 errors, 0 left on base; Washington 1 - Atlanta 0 |
TOP OF THE 2ND |
Washington Nationals batting - Pitching for Atlanta Braves : RHP Kevin Ovens-Toots
|
Batting: RHB John Sanders
|
0-0: Ball 1-0: Ball 2-0: Called Strike 2-1: Ball 3-1: Swinging Strike 3-2: Strikes out swinging
|
Batting: RHB Jared Speck
|
0-0: Ground out 5-3 (Groundball, 56S, EV 76.2 MPH)
|
Batting: RHB Luis Torres
|
0-0: Fly out, F3 (Line Drive, 3, EV 65.6 MPH)
|
Top of the 2nd over - 0 runs, 0 hits, 0 errors, 0 left on base; Washington 1 - Atlanta 0 |
BOTTOM OF THE 2ND |
Atlanta Braves batting - Pitching for Washington Nationals : RHP Manuel Romero
|
Batting: RHB Jim Zucco
|
0-0: Called Strike 0-1: Fly out, F9 (Flyball, 89S, EV 90.6 MPH)
|
Batting: SHB Brian Bagley
|
0-0: Swinging Strike 0-1: Ball 1-1: Fly out, F8 (Flyball, 8LD, EV 92.5 MPH)
|
Batting: LHB Helge Jivotovsky
|
0-0: Ball 1-0: Foul Ball, location: 2F 1-1: Ball 2-1: Foul Ball, location: 2F 2-2: Ground out 6-3 (Groundball, 4MD, EV 106.2 MPH)
|
Bottom of the 2nd over - 0 runs, 0 hits, 0 errors, 0 left on base; Washington 1 - Atlanta 0 |
TOP OF THE 3RD |
Washington Nationals batting - Pitching for Atlanta Braves : RHP Kevin Ovens-Toots
|
Batting: SHB Junzo Kato
|
0-0: Ball 1-0: Ground out 6-3 (Groundball, 6M, EV 90.0 MPH)
|
Batting: LHB Armando Carbajal
|
0-0: Called Strike 0-1: Ball 1-1: SINGLE (Groundball, 34D, EV 95.0 MPH)
|
Batting: LHB Seth Cook
|
0-0: Called Strike 0-1: Foul Ball, location: 2F 0-2: Ball 1-2: Ball 2-2: Foul Ball, location: 2F 2-2: Strikes out swinging
|
Batting: RHB C.J. Beavers
|
0-0: Called Strike 0-1: Fly out, F7 (Line Drive, 7, EV 87.5 MPH)
|
Top of the 3rd over - 0 runs, 1 hit, 0 errors, 1 left on base; Washington 1 - Atlanta 0 |
BOTTOM OF THE 3RD |
Atlanta Braves batting - Pitching for Washington Nationals : RHP Manuel Romero
|
Batting: RHB Butch Kaiser
|
0-0: Ball 1-0: Foul Ball, location: 2F 1-1: Foul Ball, location: 2F 1-2: Strikes out swinging
|
Batting: LHB Chad Persaud
|
0-0: Ball 1-0: Called Strike 1-1: Ground out 4-3 (Groundball, 4M, EV 110.0 MPH)
|
Batting: RHB Tade Post
|
0-0: Called Strike 0-1: Called Strike 0-2: Ball 1-2: Ball 2-2: SINGLE (Flyball, 89S, EV 89.4 MPH)
|
Batting: RHB Liangde Li
|
0-0: Ball 1-0: Called Strike Tade Post is caught stealing 2nd base 2-4
|
Bottom of the 3rd over - 0 runs, 1 hit, 0 errors, 0 left on base; Washington 1 - Atlanta 0 |
TOP OF THE 4TH |
Washington Nationals batting - Pitching for Atlanta Braves : RHP Kevin Ovens-Toots
|
Batting: LHB Sidney Pedder
|
0-0: Foul Ball, location: 2F 0-1: Foul Ball, location: 2F 0-2: Ground out U3 (Groundball, 3, EV 86.9 MPH)
|
Batting: RHB Nick Esteves
|
0-0: Foul Ball, location: 2F 0-1: Reached on error, E4 (Groundball, 4S, EV 84.4 MPH)
|
Batting: RHB John Sanders
|
0-0: Ball Nick Esteves steals 2nd base 1-0: Ground out 4-3 (Groundball, 4, EV 87.5 MPH) Nick Esteves to third
|
Batting: RHB Jared Speck
|
0-0: Ball 1-0: Foul Ball, location: 2F 1-1: Foul Ball, location: 2F 1-2: Ball 2-2: Strikes out looking
|
Top of the 4th over - 0 runs, 0 hits, 1 error, 1 left on base; Washington 1 - Atlanta 0 |
BOTTOM OF THE 4TH |
Atlanta Braves batting - Pitching for Washington Nationals : RHP Manuel Romero
|
Batting: RHB Liangde Li
|
0-0: Ball 1-0: Ball 2-0: Ball 3-0: Base on Balls
|
Batting: RHB Jordan Martin
|
0-0: Ball Liangde Li is caught stealing 2nd base 2-4 1-0: Ball 2-0: Foul Ball, location: 2F 2-1: DOUBLE (Flyball, 78XD, EV 110.6 MPH)
|
Batting: RHB Jeckel Hester
|
0-0: Fly out, F9 (Flyball, 9LS, EV 85.6 MPH)
|
Batting: RHB Jim Zucco
|
0-0: Foul Ball, location: 2F 0-1: Swinging Strike 0-2: Ball 1-2: Ball 2-2: Ball 3-2: Foul Ball, location: 2F 3-2: DOUBLE (Line Drive, 9LM, EV 98.1 MPH) Jordan Martin scores
|
Batting: SHB Brian Bagley
|
0-0: Called Strike 0-1: Ball 1-1: Ball 2-1: Ground out 4-3 (Groundball, 4, EV 107.5 MPH)
|
Bottom of the 4th over - 1 run, 2 hits, 0 errors, 1 left on base; Washington 1 - Atlanta 1 |
TOP OF THE 5TH |
Washington Nationals batting - Pitching for Atlanta Braves : RHP Kevin Ovens-Toots
|
Batting: RHB Luis Torres
|
0-0: Called Strike 0-1: Swinging Strike 0-2: Strikes out looking
|
Batting: SHB Junzo Kato
|
0-0: Called Strike 0-1: Ball 1-1: TRIPLE (Flyball, 9LD, EV 105.6 MPH)
|
Batting: LHB Armando Carbajal
|
0-0: Ball 1-0: Called Strike 1-1: Called Strike 1-2: Foul Ball, location: 2F 1-2: Foul Ball, location: 2F 1-2: Foul Ball, location: 2F 1-2: Fly out, F7 (Flyball, 7, EV 85.0 MPH) Runner from 3rd tags up, OUT at HOME! 7-2
|
Top of the 5th over - 0 runs, 1 hit, 0 errors, 0 left on base; Washington 1 - Atlanta 1 |
BOTTOM OF THE 5TH |
Atlanta Braves batting - Pitching for Washington Nationals : RHP Manuel Romero
|
Batting: LHB Helge Jivotovsky
|
0-0: Called Strike 0-1: Ball 1-1: Ball 2-1: SINGLE (Flyball, 9LS, EV 90.6 MPH)
|
Batting: RHB Butch Kaiser
|
0-0: Ball 1-0: Called Strike 1-1: Called Strike 1-2: Ball 2-2: DOUBLE (Groundball, 3L, EV 102.5 MPH) Helge Jivotovsky to third
|
Batting: LHB Chad Persaud
|
0-0: SINGLE (Flyball, 4D, EV 100.6 MPH) Helge Jivotovsky scores Butch Kaiser to third
|
Batting: RHB Tade Post
|
0-0: Ball 1-0: Ball 2-0: Foul Ball, location: 2F 2-1: SINGLE (Groundball, P, EV 98.1 MPH) Butch Kaiser scores Chad Persaud to second
|
Batting: RHB Liangde Li
|
0-0: Called Strike 0-1: Ball 1-1: Foul Ball, location: 2F 1-2: Grounds into double play, 1-6-3 (Groundball, 13, EV 65.6 MPH) Chad Persaud to third
|
Batting: RHB Jordan Martin
|
0-0: Ball 1-0: Ball 2-0: Ground out 6-3 (Groundball, 56D, EV 109.4 MPH)
|
Bottom of the 5th over - 2 runs, 4 hits, 0 errors, 1 left on base; Washington 1 - Atlanta 3 |
TOP OF THE 6TH |
Washington Nationals batting - Pitching for Atlanta Braves : RHP Kevin Ovens-Toots
|
Batting: LHB Seth Cook
|
0-0: Ball 1-0: Ball 2-0: Called Strike 2-1: DOUBLE (Line Drive, 89XD, EV 108.8 MPH)
|
Batting: RHB C.J. Beavers
|
0-0: Ball 1-0: Ground out 4-3 (Groundball, 4, EV 86.2 MPH) Seth Cook to third
|
Batting: LHB Sidney Pedder
|
0-0: Foul Ball, location: 2F 0-1: DOUBLE (Line Drive, 89D, EV 101.9 MPH) Seth Cook scores
|
Batting: RHB Nick Esteves
|
0-0: Foul Ball, location: 2F 0-1: Foul Ball, location: 2F 0-2: Ball 1-2: Ball Passed Ball! Sidney Pedder to third 2-2: Ball 3-2: Ground out 4-3 (Groundball, 4, EV 83.8 MPH)
|
Batting: RHB John Sanders
|
0-0: Ball 1-0: Foul Ball, location: 2F 1-1: Ball 2-1: Fly out, F9 (Flyball, 89D, EV 81.9 MPH)
|
Top of the 6th over - 1 run, 2 hits, 0 errors, 1 left on base; Washington 2 - Atlanta 3 |
BOTTOM OF THE 6TH |
Atlanta Braves batting - Pitching for Washington Nationals : RHP Manuel Romero
|
Batting: RHB Jeckel Hester
|
0-0: SINGLE (Groundball, 56D, EV 80.6 MPH) (infield hit)
|
Batting: RHB Jim Zucco
|
0-0: Ball 1-0: Called Strike 1-1: Grounds into double play, 3-6-1 (Groundball, 34S, EV 88.1 MPH)
|
Batting: SHB Brian Bagley
|
0-0: Ball 1-0: Swinging Strike 1-1: Swinging Strike 1-2: Ball 2-2: Ball 3-2: Strikes out swinging
|
Bottom of the 6th over - 0 runs, 1 hit, 0 errors, 0 left on base; Washington 2 - Atlanta 3 |
TOP OF THE 7TH |
Washington Nationals batting - Pitching for Atlanta Braves : RHP Kevin Ovens-Toots
|
Batting: RHB Jared Speck
|
0-0: Ground out 1-3 (Groundball, 15S, EV 68.8 MPH)
|
Batting: RHB Luis Torres
|
0-0: Called Strike 0-1: Called Strike 0-2: Ball 1-2: Ball 2-2: Foul Ball, location: 2F 2-2: Ball 3-2: Base on Balls
|
Pitching: RHP Franz Holzknecht
|
|
Batting: SHB Junzo Kato
|
0-0: Ball Luis Torres is caught stealing 2nd base 2-6 1-0: Ball 2-0: Swinging Strike 2-1: Fly out, F9 (Flyball, 9D, EV 110.0 MPH)
|
Top of the 7th over - 0 runs, 0 hits, 0 errors, 0 left on base; Washington 2 - Atlanta 3 |
BOTTOM OF THE 7TH |
Atlanta Braves batting - Pitching for Washington Nationals : RHP Manuel Romero
|
Batting: LHB Helge Jivotovsky
|
0-0: Ball 1-0: DOUBLE (Flyball, 89D, EV 96.2 MPH)
|
Batting: RHB Butch Kaiser
|
0-0: Intentional Walk
|
Batting: LHB Chad Persaud
|
0-0: Ball 1-0: 3-RUN HOME RUN (Flyball, 9D, EV 100.0 MPH), Distance : 378 ft
|
Pitching: RHP Kyle Bradley
|
|
Batting: RHB Tade Post
|
0-0: Swinging Strike 0-1: Fly out, F7 (Line Drive, 7, EV 88.1 MPH)
|
Batting: RHB Liangde Li
|
0-0: Called Strike 0-1: Foul Ball, location: 2F 0-2: Foul Ball, location: 2F 0-2: Ball 1-2: Foul Ball, location: 2F 1-2: Strikes out swinging
|
Batting: RHB Jordan Martin
|
0-0: Called Strike 0-1: Called Strike 0-2: SINGLE (Line Drive, 5D, EV 95.0 MPH)
|
Batting: RHB Jeckel Hester
|
0-0: Fly out, F9 (Flyball, 9S, EV 92.5 MPH)
|
Bottom of the 7th over - 3 runs, 3 hits, 0 errors, 1 left on base; Washington 2 - Atlanta 6 |
TOP OF THE 8TH |
Washington Nationals batting - Pitching for Atlanta Braves : RHP Franz Holzknecht
|
Batting: LHB Armando Carbajal
|
0-0: Ball 1-0: Foul Ball, location: 2F 1-1: Ball 2-1: Called Strike 2-2: Ground out 5-3 (Groundball, 5L, EV 102.5 MPH)
|
Batting: LHB Seth Cook
|
0-0: Foul Ball, location: 2F 0-1: Ground out 1-3 (Groundball, P, EV 74.4 MPH)
|
Batting: RHB C.J. Beavers
|
0-0: Fly out, F6 (Flyball, 6MD, EV 88.1 MPH)
|
Top of the 8th over - 0 runs, 0 hits, 0 errors, 0 left on base; Washington 2 - Atlanta 6 |
BOTTOM OF THE 8TH |
Atlanta Braves batting - Pitching for Washington Nationals : RHP Kyle Bradley
|
Batting: RHB Jim Zucco
|
0-0: Called Strike 0-1: Ball 1-1: Foul Ball, location: 2F 1-2: Ball 2-2: Strikes out swinging
|
Batting: SHB Brian Bagley
|
0-0: Foul Ball, location: 2F 0-1: Ball 1-1: Ground out 6-3 (Groundball, 4S, EV 80.6 MPH)
|
Batting: LHB Helge Jivotovsky
|
0-0: Called Strike 0-1: Ground out 3-1 (Groundball, 34S, EV 88.1 MPH)
|
Bottom of the 8th over - 0 runs, 0 hits, 0 errors, 0 left on base; Washington 2 - Atlanta 6 |
TOP OF THE 9TH |
Washington Nationals batting - Pitching for Atlanta Braves : RHP Franz Holzknecht
|
Batting: LHB Sidney Pedder
|
0-0: Ball 1-0: Called Strike 1-1: Ball 2-1: Foul Ball, location: 2F 2-2: Ball 3-2: Foul Ball, location: 2F 3-2: Foul Ball, location: 2F 3-2: Base on Balls
|
Batting: RHB Nick Esteves
|
0-0: Foul Ball, location: 2F 0-1: Called Strike 0-2: Ball 1-2: Ball 2-2: Foul Ball, location: 2F 2-2: 2-RUN HOME RUN (Flyball, 9D, EV 95.6 MPH), Distance : 378 ft
|
Batting: RHB John Sanders
|
0-0: Ground out 6-3 (Groundball, 6MD, EV 88.1 MPH)
|
Pinch Hitting: LHB R.J. O'Brien
|
0-0: Ball 1-0: Ball 2-0: Foul Ball, location: 2F 2-1: Foul Ball, location: 2F 2-2: Ball 3-2: Strikes out swinging
|
Batting: RHB Luis Torres
|
0-0: Ball 1-0: Ball 2-0: Called Strike 2-1: Ball 3-1: Fly out, F7 (Flyball, 7, EV 93.8 MPH)
|
Top of the 9th over - 2 runs, 1 hit, 0 errors, 0 left on base; Washington 4 - Atlanta 6 |
|